 Dungeon Crawl Stone Soup version 0.21-a0-84-g85d6d27 (webtiles) character file.

311 theRoog the Chopper (level 6, 0/56 HPs)
             Began as a Minotaur Berserker on June 29, 2017.
             Was a Believer of Trog.
             Killed from afar by Ijyb (17 damage)
             ... with a wand of lightning (?/15)
             ... on level 3 of the Dungeon.
             The game lasted 00:03:17 (2503 turns).

theRoog the Chopper (Minotaur Berserker)            Turns: 2503, Time: 00:03:18

Health: 0/56       AC: 12    Str: 23    XL:     6   Next: 18%
Magic:  5/5        EV:  7    Int:  4    God:    Trog [**....]
Gold:   103        SH:  0    Dex: 10    Spells: 5/5 levels left

rFire    . . .     SeeInvis .   a - +0 hand axe
rCold    . . .     Gourm    .   (no shield)
rNeg     . . .     Faith    .   m - +1 plate armour
rPois    .         Spirit   .   (helmet restricted)
rElec    .         Reflect  .   (no cloak)
rCorr    .         Harm     .   (no gloves)
MR       .....                  (no boots)
Stlth    ..........             (no amulet)
HPRegen  0.18/turn              (no ring)
MPRegen  0.09/turn              (no ring)

@: no status effects
A: retaliatory headbutt, horns 2
a: Berserk, Trog's Hand, Burn Spellbooks, Renounce Religion


You were on level 3 of the Dungeon.
You worshipped Trog.
Trog was pleased with you.
You were hungry.

You visited 1 branch of the dungeon, and saw 3 of its levels.

You collected 103 gold pieces.

Inventory:

Hand Weapons
 a - a +0 hand axe (weapon)
Armour
 b - a +0 animal skin
 m - a +1 plate armour (worn)
Wands
 l - a wand of polymorph (8/24)
Scrolls
 c - a scroll of fear
 e - a scroll of identify
 i - 2 scrolls of blinking
 j - a scroll of immolation {unknown}
Potions
 d - a potion of cancellation
 g - 2 potions of berserk rage {unknown}
 h - a potion of agility
 k - 2 potions of haste {unknown}
 n - 3 potions of curing {unknown}
Comestibles
 f - a meat ration
 o - a bread ration


   Skills:
 + Level 5.1 Fighting
 + Level 6.1 Axes
 + Level 4.0 Armour
 + Level 3.1 Dodging
 + Level 0.5 Stealth


You had 5 spell levels left.
You didn't know any spells.

Dungeon Overview and Level Annotations

Branches:
Dungeon (3/15)

Altars:

Annotations:
D:3 Ijyb


Innate Abilities, Weirdness & Mutations

You reflexively headbutt those who attack you in melee.
You have a pair of horns on your head.


Message History

Ijyb barely misses you.
You hit Ijyb.
Ijyb is moderately wounded.
Ijyb hits you but does no damage.
You hit Ijyb but do no damage. Your headbutt misses Ijyb.
Ijyb is moderately wounded.
Ijyb closely misses you.
You hit Ijyb. Your headbutt misses Ijyb.
Ijyb is heavily wounded.
Ijyb hits you but does no damage.
You closely miss Ijyb.
Ijyb is moderately wounded.
Ijyb hits you but does no damage.
You hit Ijyb but do no damage. You headbutt Ijyb!
Ijyb is severely wounded.
Ijyb hits you.
You hit Ijyb but do no damage.
Ijyb is severely wounded.
Ijyb zaps a wand.
The bolt of lightning hits you!
You die...

*,* #># #.......### # *,* #.#
#.........# # *,* #.#
#.......#.# # #.*
#####.#####.......#.# #
#.######........##.......#.#####
#............##.#####.####.##.).
#........###.##.# #.# #.##.##
##........# #.##.# #.* #.##.#
>.........# #.##@#****,* #.##.#
.#*#......###...g......# #.##.#
.# #.................######.##.#
.###......####...<..........##.#
.....#.#### #.#...............#
.....#.# #.#####.###########
.....#.## #.* *.# ........#
*#.#* *,# .....#..# **,,.## *,*


You could see Ijyb.

Vanquished Creatures
  The ghost of THUG4L1F3 the Poker, an amateur MiFi (D:3)
  Jessica (D:3)
  5 gnolls
  An adder (D:3)
  2 oozes (D:2)
  4 worms (D:2)
  2 dart slugs (D:2)
  2 leopard geckos
  An orc (D:3)
  A giant cockroach (D:1)
  10 goblins
  7 hobgoblins
  3 jackals (D:2)
  5 kobolds
  A quokka (D:3)
  7 bats
  4 frilled lizards
  8 rats
65 creatures vanquished.

Notes
Turn   | Place    | Note
-------+----------+-------------------------------------------
     0 | D:1      | theRoog the Minotaur Berserker began the quest for the Orb.
     0 | D:1      | Reached XP level 1. HP: 19/19 MP: 0/0
    46 | D:1      | Reached skill level 4 in Axes
    46 | D:1      | Reached XP level 2. HP: 10/27 MP: 1/1
   750 | D:1      | Reached XP level 3. HP: 21/33 MP: 2/2
  1219 | D:2      | Reached ** piety under Trog
  1420 | D:2      | Reached XP level 4. HP: 27/41 MP: 3/3
  1832 | D:3      | Noticed Jessica
  1833 | D:3      | Noticed THUG4L1F3's ghost (amateur MiFi)
  1836 | D:3      | Killed Jessica
  1836 | D:3      | Reached skill level 5 in Axes
  1858 | D:3      | HP: 2/61 [THUG4L1F3's ghost (7)]
  1859 | D:3      | Killed THUG4L1F3's ghost
  1859 | D:3      | Reached skill level 5 in Fighting
  1859 | D:3      | Reached skill level 6 in Axes
  1859 | D:3      | Reached XP level 5. HP: 3/48 MP: 4/4
  2280 | D:3      | Reached XP level 6. HP: 56/56 MP: 5/5
  2486 | D:3      | Noticed Ijyb
  2503 | D:3      | Killed from afar by Ijyb

Vault maps used:
D:1:      dpeg_arrival_signposts
D:3:      chequers_ecumenical_altar_lobes, first_bread, uniq_jessica, uniq_ijyb

Skill      XL: |  1  2  3  4  5  6 |
---------------+-------------------+-----
Axes           | 4 6 |  6.1
Fighting       | 4 5 |  5.1
Armour         | 3 4 |  4.0
Dodging        | 3 |  3.1
Stealth        | |  0.5

Action                   |  1- 3 |  4- 6 || total
-------------------------+-------+-------++-------
Melee: Hand axe          |    85 |    90 ||   175
       Headbutt          |    17 |    18 ||    35
Invok: Berserk           |     1 |     1 ||     2
  Use: Scroll            |     4 |     4 ||     8
       Potion            |     1 |       ||     1
  Eat: Chunk             |     1 |     1 ||     2
       Bread ration      |     1 |       ||     1
Armor: Plate armour      |    34 |    51 ||    85
Dodge: Dodged            |    43 |    31 ||    74
